AoeStats
← 凉拌皮蛋

Hideout

503057290Analyzed
4v4 RM · 1mo ago on Aug 30, 2026· 13m 20s· 8 players
Game mode
Random Map
Map size
Large (8 player)
Population
200
Speed
Normal
Resources
Standard
Victory
Conquest
Starting age
Dark Age
Ending age
Imperial Age
RankedLock teamsTeams togetherTeam positionsShared explorationLock speedFull tech treeHidden civsTurbo modeCheats
Victory
Defeat
🇧🇷 Teutons · Brazil
1736
+4
🇹🇼 Cumans · Taiwan
1694
+5
🇪🇨 Hindustanis · Ecuador
1686
+6
🇨🇳 Magyars · China
1484
+13
🇨🇳 Britons · China
1453
-8
1436
-7
🇩🇪 Spanish · Germany
1418
-7
🇺🇸 Ethiopians · United States
1356
-5
2KM1
1:35 Loom
8:30 Feudal Age
9:02 Double-Bit Axe
9:29 Horse Collar
10:06 Loom
bryjet06
10:56 Feudal Age
11:25 Loom
15:12 Castle Age
13:18 Horse Collar
凉拌皮蛋
10:08 Feudal Age
14:46 Castle Age
APZz_
7:06 Loom
9:15 Feudal Age
13:12 Double-Bit Axe
Spider2YBanana
10:40 Feudal Age
15:09 Castle Age
CARRY_BERRY_JDV <3
11:25 Feudal Age
12:39 Loom
Combi | NITRAMDELANIEVE
7:00 Loom
9:49 Feudal Age
超级硬邦邦
7:09 Loom
9:40 Feudal Age
Connection lost

Rejoining the realm…

Still unreachable

The connection could not be restored.

Session expired

The server has moved on; the page needs a fresh start.